 Dungeon Crawl Stone Soup version 0.26-a0-665-gefeb406119 (webtiles) character file.

Game seed: 903861072407389132

53336 mandarbmax the Transmogrifier (level 14, 0/129 HPs)
             Began as a Red Draconian Transmuter on Oct 15, 2020.
             Was a High Priest of Makhleb.
             Killed from afar by an oklob plant (12 damage)
             ... with a splash of acid
             ... on level 6 of the Lair of Beasts.
             The game lasted 00:59:37 (20869 turns).

mandarbmax the Transmogrifier (DrTm)               Turns: 20869, Time: 00:59:38

Health: 0/129      AC: -5    Str: 20    XL:     14   Next: 30%
Magic:  15/20      EV: 19    Int: 16    God:    Makhleb [*****.]
Gold:   531        SH:  0    Dex: 13    Spells: 5/17 levels left

rFire    + . .     SeeInvis .     - Unarmed
rCold    + . .     Faith    .   (shield currently unavailable)
rNeg     . . .     Spirit   .   (armour unavailable)
rPois    .         Reflect  .   (helmet restricted)
rElec    .         Harm     .   B - +2 cloak
rCorr    .         Rampage  .   (gloves currently unavailable)
MR       +....                  (no boots)
Stlth    +.........             e - amulet of the acrobat
HPRegen  0.31/turn              m - ring of protection from cold
MPRegen  0.17/turn              I - +6 ring of strength

@: short of breath, blade hands, corroded
A: breathe fire, unfitting armour, fire resistance 1, cold-blooded, AC +8
a: Breathe Fire, End Transformation, Minor Destruction, Lesser Servant of
Makhleb, Major Destruction, Greater Servant of Makhleb, Renounce Religion


You were on level 6 of the Lair of Beasts.
You worshipped Makhleb.
Makhleb was extremely pleased with you.
You had blades for hands.
You visited 2 branches of the dungeon, and saw 15 of its levels.
You also visited: Volcano.

You collected 1278 gold pieces.
You spent 747 gold pieces at shops.

Inventory:

Missiles
 b - 43 poisoned darts (quivered)
 c - 5 boomerangs of dispersal
 n - 2 silver boomerangs
 t - 5 boomerangs
Armour
 g - a +2 pair of gloves (melded)
 B - a +2 cloak (worn)
Magical Staves
 J - an uncursed staff of cold
Jewellery
 e - an amulet of the acrobat (around neck)
 m - a ring of protection from cold (left scythe-like blade)
 v - an uncursed ring of ice
 I - a +6 ring of strength (right scythe-like blade)
Wands
 k - a wand of flame (61)
 r - a wand of acid (10)
 y - a wand of paralysis (11)
 G - a wand of iceblast (8)
Scrolls
 a - a scroll of fog
 f - 2 scrolls of blinking
 h - 8 scrolls of remove curse
 i - 8 scrolls of teleportation
 j - 3 scrolls of amnesia
 o - 2 scrolls of magic mapping
 q - a scroll of enchant weapon
 D - a scroll of fear
Potions
 d - a potion of brilliance
 l - 4 potions of stabbing
 p - 5 potions of ambrosia
 s - 2 potions of magic {unknown}
 u - 2 potions of haste
 w - a potion of might
 x - a potion of mutation
 z - a potion of curing
 A - a potion of invisibility
 C - 2 potions of flight {unknown}
 E - a potion of resistance
 F - a potion of berserk rage
 H - a potion of heal wounds


   Skills:
 + Level 13.3 Fighting
 + Level 11.5 Dodging
 - Level 12.0 Unarmed Combat
 - Level 2.0 Spellcasting
 - Level 3.0 Necromancy
 - Level 14.3 Transmutations
 - Level 1.0 Poison Magic
 - Level 8.0 Invocations


You had 5 spell levels left.
You knew the following spells:

 Your Spells              Type           Power        Failure   Level
a - Beastly Appendage     Tmut           #####.       6%          1
b - Wereblood             Tmut           #####...     7%          2
c - Spider Form           Tmut/Pois      ####......   24%         3
d - Blade Hands           Tmut           #####.....   19%         5
z - Animate Skeleton      Necr           ##....       36%         1

Your spell library contained the following spells:

 Spells                   Type           Power        Failure   Level
 Sting                    Tmut/Pois      ####         14%         1
 Ignite Poison            Fire/Tmut/Pois ###.....     41%         3
 Ice Form                 Ice/Tmut       ###.....     47%         4
 Petrify                  Tmut/Erth      ###.....     47%         4
 Apportation              Tloc           #.....       63%         1
 Corona                   Hex            #......      63%         1
 Shock                    Conj/Air       #...         63%         1
 Summon Small Mammal      Summ           #...         63%         1
 Poisonous Vapours        Pois/Air       #.....       69%         2
 Swiftness                Air            #.......     73%         2
 Yara's Violent Unravell  Hex/Tmut       ###.......   73%         5
 Mephitic Cloud           Conj/Pois/Air  #.......     87%         3
 Confusing Touch          Hex            #.......     88%         3
 Gell's Gravitas          Tloc           #.........   88%         3
 Static Discharge         Conj/Air       #.......     88%         3
 Olgreb's Toxic Radiance  Pois           #.......     98%         4
 Airstrike                Air            #.........   99%         4
 Lightning Bolt           Conj/Air       #.........   100%        5
 Metabolic Englaciation   Hex/Ice        #.........   100%        5


Dungeon Overview and Level Annotations

Branches:
Dungeon (9/15)             Temple (0/1) D:5            Lair (6/6) D:9
  Swamp (0/4) Lair:4        Snake (0/4) Lair:3        Slime (0/5) Lair:6
Volcano (visited)
    Orc: D:9-12

Altars:
Ashenzari
Cheibriados
Dithmenos
Elyvilon
Fedhas
Makhleb
Ru
Sif Muna
Uskayaw
Vehumet
Yredelemnul
Zin
The Shining One

Shops:
D:9 =[:[?

Annotations:
D:6 1 runed translucent door
D:8 2 transporters, YayAnonymity's ghost, novice FoFi
Lair:6 exclusion: oklob plant


Innate Abilities, Weirdness & Mutations

You can breathe blasts of fire.
Your fiery red scales are hard. (AC +8)
You cannot fit into any form of body armour.
Your flesh is heat resistant. (rF+)
You are cold-blooded and may be slowed by cold attacks.


Message History

Casting: Blade Hands (mildly dangerous; 1% risk of failure)
Confirm with . or Enter, or press ? or * to list all spells.
Your hands turn into razor-sharp scythe blades.
Your +2 pair of gloves melds into your body.
The oklob plant spits acid at you. The splash of acid hits you!
* * * LOW HITPOINT WARNING * * *
You are splashed with acid!
* * * LOW HITPOINT WARNING * * *
You feel much better. The oklob plant spits acid at you.
The splash of acid hits you!
* * * LOW HITPOINT WARNING * * *
The acid corrodes you!
You are splashed with acid!
* * * LOW HITPOINT WARNING * * *
Unknown command.
A demon appears!
The oklob plant spits acid at you. The splash of acid hits you!
You die...

#.....###.####
..P.P#.#..#
..P.......##
...........##
.#.#....##..#
#.....###.#
#........#####
##........$[(#
##.......@2.#
.....P...P.$#
#.....#.#####
#....#.##
#...### ##..
#.


You could see an oklob plant and a friendly balrug (summoned).

Vanquished Creatures
  Fannar (Lair:1)
  3 hydras
  A dancing weapon (Volcano)
  16 death yaks
  3 two-headed ogres
  5 wizards (Volcano)
  Pikel (D:6)
  A lindwurm (Lair:6)
  An oklob plant (Lair:6)
  18 elephants
  2 black mambas
  5 toenail golems (Volcano)
  A molten gargoyle (Lair:3)
  The ghost of zazu2006 the Stinger, a novice NaWz of Vehumet (D:6)
  2 torpor snails
  14 cane toads
  2 rime drakes
  7 komodo dragons
  A hornet (D:9)
  A queen bee (Lair:2)
  2 polar bears
  8 blink frogs (Lair:6)
  2 slime creatures (Lair:6)
  4 wyverns
  Sigmund (D:5)
  44 yaks
  3 basilisks
  3 nagas (Lair:3)
  2 wargs (D:9)
  13 water moccasins
  2 orc warriors (D:9)
  2 black bears
  3 sky beasts
  3 necrophages (Lair:5)
  6 wolves
  4 centaurs
  8 ogres
  Blork the orc (D:5)
  21 bullfrogs
  A big kobold (D:6)
  3 scorpions
  A wyvern skeleton (D:6)
  23 killer bees (Lair:2)
  An electric eel (Lair:4)
  A howler monkey (D:9)
  A crimson imp (D:3)
  3 bullfrog zombies
  2 jellies (Lair:6)
  A quasit (D:9)
  6 hounds
  10 orc priests
  A centaur skeleton (D:6)
  2 iguanas
  6 orc wizards
  5 worker ants
  4 hound zombies
  A worker ant zombie (D:7)
  A gnoll (D:1)
  11 adders
  A howler monkey skeleton (D:4)
  2 shadow imps
  4 white imps
  2 ufetubi
  An adder skeleton (D:9)
  An adder zombie (D:5)
  4 worms
  A dart slug (D:1)
  7 leopard geckos
  11 orcs
  6 giant cockroaches
  9 goblins
  7 hobgoblins
  4 jackals (D:6)
  2 quokkas
  A ball python (D:4)
  7 bats
  6 frilled lizards
  13 kobolds
  A leopard gecko skeleton (D:4)
  A leopard gecko zombie (D:9)
  4 rats
397 creatures vanquished.

Vanquished Creatures (collateral kills)
  A cane toad (Lair:6)
  2 yaks
  An adder (D:9)
  An orc (D:9)
  A bush (Lair:5)
6 creatures vanquished.

Vanquished Creatures (others)
  3 bushes (Lair:6)
  26 fungi
  35 plants
64 creatures vanquished.

Grand Total: 467 creatures vanquished

Notes
Turn   | Place    | Note
-------+----------+-------------------------------------------
     0 | D:1      | mandarbmax the Draconian Transmuter began the quest for the
                  | Orb.
     0 | D:1      | Reached XP level 1. HP: 16/16 MP: 3/3
   443 | D:1      | Reached XP level 2. HP: 21/23 MP: 3/5
   447 | D:1      | Learned a level 2 spell: Wereblood
   495 | D:1      | You fall into a shaft and drop 1 floor!
  1014 | D:1      | Reached XP level 3. HP: 28/28 MP: 2/6
  1021 | D:1      | Learned a level 3 spell: Spider Form
  1408 | D:2      | Found a hide-covered altar of Uskayaw.
  1751 | D:2      | Found a white marble altar of Elyvilon.
  1754 | D:2      | Found a shimmering blue altar of Sif Muna.
  1754 | D:2      | Found a glowing silver altar of Zin.
  1757 | D:2      | Found a snail-covered altar of Cheibriados.
  2086 | D:3      | Reached skill level 1 in Poison Magic
  2119 | D:3      | Reached skill level 3 in Transmutations
  2119 | D:3      | Reached XP level 4. HP: 29/35 MP: 7/7
  2899 | D:3      | Reached skill level 4 in Transmutations
  2903 | D:3      | Reached XP level 5. HP: 34/40 MP: 3/8
  3342 | D:3      | Found a radiant altar of Vehumet.
  3344 | D:3      | Found a burning altar of Makhleb.
  3348 | D:3      | Reached skill level 5 in Unarmed Combat
  3368 | D:3      | Became a worshipper of Makhleb the Destroyer
  3555 | D:4      | Reached XP level 6. HP: 41/47 MP: 6/9
  3751 | D:4      | Reached skill level 1 in Invocations
  3945 | D:4      | Found a broken altar of Ashenzari.
  4127 | D:4      | Found a shadowy altar of Dithmenos.
  4972 | D:5      | Entered Level 5 of the Dungeon
  4999 | D:5      | Your scales start taking on a fiery red colour.
  4999 | D:5      | Reached XP level 7. HP: 52/52 MP: 7/10
  4999 | D:5      | Gained mutation: Your flesh is heat resistant. (rF+) [Red
                  | Draconian growth]
  5150 | D:5      | Noticed Sigmund
  5163 | D:5      | Killed Sigmund
  5353 | D:5      | Noticed Blork the orc
  5364 | D:5      | Killed Blork the orc
  5707 | D:5      | Reached skill level 5 in Invocations
  5707 | D:5      | Reached XP level 8. HP: 52/59 MP: 5/11
  5912 | D:5      | Found a basalt altar of Yredelemnul.
  6022 | D:5      | Found a staircase to the Ecumenical Temple.
  6305 | D:6      | Found a runed translucent door.
  6538 | D:6      | Noticed zazu2006's ghost (novice NaWz)
  6574 | D:6      | Reached * piety under Makhleb
  7112 | D:6      | Noticed Pikel
  7125 | D:6      | Killed Pikel
  7125 | D:6      | Reached XP level 9. HP: 38/64 MP: 9/14
  7381 | D:6      | Found a runed translucent door.
  7499 | D:6      | Killed zazu2006's ghost
  7553 | D:7      | Noticed a two-headed ogre
  7571 | D:7      | Killed a two-headed ogre
  7571 | D:7      | Reached skill level 5 in Fighting
  7923 | D:7      | Reached skill level 5 in Dodging
  7958 | D:7      | Reached ** piety under Makhleb
  8977 | D:8      | Found a shadowy altar of Dithmenos.
  9002 | D:8      | Reached XP level 10. HP: 83/83 MP: 9/16
  9138 | D:8      | Noticed YayAnonymity's ghost (novice FoFi)
  9205 | D:8      | Found a transporter.
  9212 | D:8      | Learned a level 5 spell: Blade Hands
  9239 | D:8      | Found a transporter.
  9868 | D:8      | Identified a scroll of acquirement
  9868 | D:8      | Acquired a manual of Transmutations
 10020 | D:9      | Noticed a two-headed ogre
 10037 | D:8      | Killed a two-headed ogre
 10037 | D:8      | Reached skill level 6 in Transmutations
 10176 | D:9      | Reached skill level 7 in Transmutations
 10177 | D:9      | Found Bise's Antique Armour Shoppe.
 10188 | D:8      | Reached skill level 8 in Transmutations
 10514 | D:9      | Reached skill level 9 in Transmutations
 10531 | D:8      | Reached skill level 10 in Transmutations
 10801 | D:9      | Paralysed by a hornet for 3 turns
 10807 | D:9      | Reached skill level 11 in Transmutations
 11325 | D:9      | Noticed a two-headed ogre
 11336 | D:9      | Killed a two-headed ogre
 11363 | D:9      | Reached *** piety under Makhleb
 11363 | D:9      | Reached skill level 12 in Transmutations
 11389 | D:9      | Reached XP level 11. HP: 89/92 MP: 11/17
 11604 | D:9      | Found Odidixkaru's Magic Scroll Shop.
 11726 | D:9      | Found a sacrificial altar of Ru.
 11727 | D:9      | Found a blossoming altar of Fedhas.
 11920 | D:9      | Found Biorobew's Jewellery Shop.
 11985 | D:9      | Found a staircase to the Lair.
 12082 | D:9      | Found Deckysh's Armour Shoppe.
 12083 | D:9      | Found Dyapejaph's Book Shoppe.
 12226 | Lair:1   | Entered Level 1 of the Lair of Beasts
 12337 | Lair:1   | Reached skill level 13 in Transmutations
 12515 | Lair:1   | Learned a level 1 spell: Animate Skeleton
 12870 | Lair:1   | Reached skill level 14 in Transmutations
 13006 | Lair:1   | Noticed Fannar
 13015 | Lair:1   | Killed Fannar
 13688 | Lair:2   | Noticed a death yak
 13769 | Lair:2   | Noticed a death yak
 13772 | Lair:2   | Noticed a death yak
 13773 | Lair:2   | Noticed a death yak
 13774 | Lair:2   | Noticed a death yak
 13774 | Lair:2   | Noticed a death yak
 13775 | Lair:2   | Noticed a death yak
 13778 | Lair:2   | Killed a death yak
 13781 | Lair:2   | Killed a death yak
 13785 | Lair:2   | Killed a death yak
 14409 | Lair:2   | Reached XP level 12. HP: 86/101 MP: 12/18
 14559 | Lair:2   | Noticed a death yak
 14559 | Lair:2   | Noticed a death yak
 14570 | Lair:2   | Noticed a death yak
 14572 | Lair:2   | Killed a death yak
 14572 | Lair:2   | Reached skill level 10 in Unarmed Combat
 14573 | Lair:2   | Noticed a death yak
 14575 | Lair:2   | Noticed a death yak
 14582 | Lair:1   | Killed a death yak
 14660 | Lair:2   | Reached **** piety under Makhleb
 14919 | Lair:1   | Killed a death yak
 14919 | Lair:1   | Reached skill level 1 in Necromancy
 15052 | Lair:2   | Killed a death yak
 15058 | Lair:2   | Killed a death yak
 15062 | Lair:2   | HP: 2/104 [death yak (17)]
 15362 | Lair:2   | Killed a death yak
 15442 | Lair:1   | Killed a death yak
 15576 | Lair:2   | Killed a death yak
 15586 | Lair:2   | Killed a death yak
 15872 | Lair:3   | Noticed a four-headed hydra
 15884 | Lair:3   | Killed a four-headed hydra
 16114 | D:9      | Bought a scroll of acquirement for 676 gold pieces
 16114 | D:9      | Bought a scroll of fear for 45 gold pieces
 16114 | D:9      | Bought a scroll of identify for 26 gold pieces
 16116 | D:9      | Acquired a book of Alchemy
 16207 | Lair:3   | Noticed a six-headed hydra
 16216 | Lair:3   | Killed a six-headed hydra
 16337 | Lair:3   | Found a staircase to the Snake Pit.
 16416 | Lair:3   | Reached skill level 10 in Fighting
 16873 | Lair:3   | Reached XP level 13. HP: 102/113 MP: 14/19
 17141 | Lair:4   | Found a dark tunnel.
 17151 | Volcano  | Entered a volcano
 17340 | Volcano  | Got a steaming long sword
 17341 | Volcano  | Identified the +11 long sword of the Hummingbird
                  | {antimagic, rPois rF++} (You found it in a volcano)
 18567 | Lair:4   | Found a staircase to the Swamp.
 18821 | Lair:5   | Reached ***** piety under Makhleb
 18894 | Lair:5   | Reached skill level 10 in Dodging
 19834 | Lair:6   | Entered Level 6 of the Lair of Beasts
 20200 | Lair:6   | Reached XP level 14. HP: 127/127 MP: 8/20
 20630 | Lair:6   | Found a staircase to the Slime Pits.
 20837 | Lair:6   | Found a glowing golden altar of the Shining One.
 20869 | Lair:6   | Killed from afar by an oklob plant

Illustrated notes

Levels and vault maps discovered:
D:1:      roderic_crop_circles_arrival_small, layout_basic, chequers_big_river
D:2:      layout_rooms, lemuel_coloured_pillars_altar,
          grunt_temple_overflow_open, serial_rivers,
          chequers_serial_rivers_micro_a, chequers_serial_rivers_small_b,
          chequers_serial_rivers_room_a, chequers_serial_rivers_micro_c
D:3:      layout_loops_ring, grunt_temple_overflow_lords_of_destruction,
          minmay_ruptured
D:4:      layout_layer_cave, nicolae_dithmenos_shadow_blocks,
          nicolae_ashenzari_panopticon
D:5:      layout_basic, kennysheep_mini, minmay_temple_entry_nine_rooms,
          uniq_crazy_yiuf_cottage, uniq_sigmund, uniq_blork_the_orc
D:6:      layout_loops_ring, ebering_ghost_sewer_f, minmay_unpleasant_kobolds,
          uniq_pikel
D:7:      layout_basic
D:8:      layout_gridville, gammafunk_ghost_arena, basic_altar
D:9:      layout_cave_pools, minitemple, erik_lair_orcish_takeover,
          serial_shops, shop, nicolae_shop_crystal, shop, shop, shop_fountains
Lair:1:   layout_loops_ring, chequers_serial_rivers_micro_e, patterned_corridor,
          grunt_megastairs_1, infiniplex_staircase_pool_2, uniq_fannar
Lair:2:   layout_cave_shapes, special_room [special_room_bee]
Lair:3:   layout_gridlike, minmay_snake_entry_guardpost_small, minmay_holes
Lair:4:   layout_regular_city, swamp_mist_pool, nicolae_volcano_entry_hallway,
          beast_lair_carwin_5
Lair:5:   layout_long_grid, roderic_carrion_pond
Lair:6:   hangedman_lair_in_review, layout_loops_ring,
          hangedman_lair_caniforms_friends, minmay_slime_entry_pillars,
          basic_altar, minmay_lair_oklob_chamber

Skill      XL: |  1  2  3  4  5  6  7  8  9 10 11 12 13 14 |
---------------+-------------------------------------------+-----
Dodging        | 2 5 6 8 10 11 | 11.5
Unarmed Combat | 4 5 6 7 9 11 12 | 12.0
Poison Magic   | 1 |  1.0
Transmutations | 3 4 12 14 | 14.3
Invocations    | 3 5 7 8 |  8.0
Fighting       | 6 7 8 10 12 13 | 13.3
Necromancy     | 3 |  3.0
Spellcasting   | |  2.0

Action                   |  1- 3 |  4- 6 |  7- 9 | 10-12 | 13-15 || total
-------------------------+-------+-------+-------+-------+-------++-------
Melee: Unarmed           |    89 |   114 |   221 |   427 |   329 ||  1180
       Kick              |    12 |     9 |    11 |     5 |     3 ||    40
       Tailslap          |     6 |     1 |     2 |    39 |    49 ||    97
       Headbutt          |     5 |     4 |     6 |     4 |     2 ||    21
       Punch             |       |     1 |     1 |    10 |    22 ||    34
Throw: Dart              |       |       |     7 |     7 |       ||    14
       Boomerang         |       |       |     5 |       |       ||     5
 Cast: Beastly Appendage |    20 |     9 |    11 |     5 |     2 ||    47
       Wereblood         |     1 |     1 |     5 |     9 |    10 ||    26
       Spider Form       |     6 |    14 |    25 |    10 |       ||    55
       Blade Hands       |       |       |       |    52 |    39 ||    91
       Animate Skeleton  |       |       |       |    18 |    43 ||    61
Invok: Minor Destruction |       |       |       |     5 |       ||     5
       Lesser Servant of |       |       |       |     3 |       ||     3
       Greater Servant o |       |       |       |       |     1 ||     1
 Abil: Breathe Fire      |       |       |     9 |    26 |    16 ||    51
       End Transformatio |       |       |       |     1 |     4 ||     5
Evoke: Wand              |       |       |     2 |     4 |     5 ||    11
  Use: Scroll            |     2 |    10 |     6 |    10 |     8 ||    36
       Potion            |       |     1 |     3 |     4 |     1 ||     9
 Stab: Sleeping          |     1 |       |       |       |       ||     1
       Distracted        |       |       |       |     2 |       ||     2
Armor: Skin              |    15 |    14 |    32 |    67 |    78 ||   206
Dodge: Dodged            |    60 |    79 |   180 |   380 |   227 ||   926

Table legend: (Time is in decaauts)
 A = Elapsed time spent in this place.
 B = Non-inter-level travel time spent in this place.
 C = Inter-level travel time spent in this place.
 D = Time resting spent in this place.
 E = Time spent auto-exploring this place.
 F = Levels seen in this place.
 G = Mean time per level.
                   A        B        C        D        E       F      G
               +--------+--------+--------+--------+--------+-----+--------+
         Total |  20763 |  19737 |   1026 |   3540 |  13254 |  16 | 1297.7 |
       Dungeon |  12274 |  11646 |    628 |   2414 |   7747 |   9 | 1363.8 |
          Lair |   7846 |   7448 |    398 |   1126 |   5032 |   6 | 1307.7 |
       Volcano |    642 |    642 |      0 |      0 |    474 |   1 |  642.0 |
               +--------+--------+--------+--------+--------+-----+--------+

Top non-repeatable levels by time:
  Lair:1: 2311 daAuts
     D:8: 2185 daAuts
     D:4: 1517 daAuts
     D:6: 1499 daAuts
     D:3: 1377 daAuts
     D:5: 1321 daAuts
  Lair:2: 1320 daAuts
     D:1: 1281 daAuts
     D:9: 1248 daAuts
  Lair:3: 1112 daAuts
     D:7: 1045 daAuts
  Lair:4: 1038 daAuts
  Lair:5: 1038 daAuts
  Lair:6: 1024 daAuts
     D:2: 797 daAuts
